 Dungeon Crawl Stone Soup version 0.31-a0-370-g25055926c8 (webtiles) character file.

Game seed: 12538015461217199112

56 Conn the Firebug (level 3, -1/21 HPs)
             Began as an Octopode Fire Elementalist on July 29, 2023.
             Slain by a giant cockroach (2 damage)
             ... on level 2 of the Dungeon.
             The game lasted 00:02:21 (1120 turns).

Conn the Firebug (Octopode Fire Elementalist)       Turns: 1120, Time: 00:02:21

Health: -1/21      AC:  1    Str:  7    XL:     3   Next: 97%
Magic:  7/7        EV: 13    Int: 19    God:
Gold:   60         SH:  0    Dex: 12    Spells: 2/8 levels left

rFire   . . .        h - +1 rapier
rCold   . . .        (no shield)
rNeg    . . .        (helmet restricted)
rPois   .            c - amulet of magic regeneration
rElec   .            (no ring)
rCorr   .            (no ring)
SInv    .            (no ring)
Will    .....        (no ring)
Stlth   +++          (no ring)
HPRegen 0.23/turn    (no ring)
MPRegen 0.50/turn    (no ring)
                     (no ring)

%: no passive effects
@: no status effects
A: almost no armour, amphibious, 8 rings, camouflage 1, gelatinous body 1,
(nimble swimmer 1), tentacles
a: no special abilities


You were on level 2 of the Dungeon.
You visited 1 branch of the dungeon, and saw 2 of its levels.

You collected 60 gold pieces.

Inventory:

Hand Weapons
 e - a +0 dagger
 h - a +1 rapier (weapon)
Jewellery
 c - an amulet of magic regeneration (around mantle)
 f - an amulet of faith
Scrolls
 b - a scroll of enchant weapon
 g - 2 scrolls of torment
Potions
 a - a potion of magic


   Skills:
 + Level 2.0 Dodging
 + Level 2.9 Stealth
 + Level 3.0 Spellcasting
 + Level 1.6 Conjurations
 + Level 3.5 Fire Magic


You had 2 spell levels left.
You knew the following spells:

 Your Spells              Type           Power      Damage    Failure   Level
a - Foxfire               Conj/Fire      48%        2x1d6     5%          1
b - Scorch                Fire           32%        2d6       5%          2
c - Inner Flame           Hex/Fire       9%         N/A       22%         3

Your spell library contained the following spells:

 Spells                   Type           Power      Damage    Failure   Level
 Volatile Blastmotes      Fire/Tloc      18%        2d11      22%         3
 Flame Wave               Conj/Fire      12%        2d6       45%         4


Dungeon Overview and Level Annotations

Branches:
Dungeon (2/15)

Altars:
Xom


Innate Abilities, Weirdness & Mutations

You cannot wear most types of armour.
You are amphibious.
You can wear up to eight rings at the same time.
Your skin changes colour to match your surroundings (Stealth+).
Your rubbery body absorbs attacks. (AC +1, EV +1)
((You are camouflaged when in or above water. (Stealth+)))
You have tentacles for arms and can constrict up to eight enemies at once.


Message History

The foxfire hits the giant cockroach but does no damage.
The gnoll closely misses you. The giant cockroach barely misses you.
The giant cockroach waves its antennae.
The giant cockroach closely misses you.
Unknown command.
You hit the giant cockroach but do no damage.
Your grab misses the giant cockroach.
Your squeeze misses the giant cockroach.
The giant cockroach is almost dead.
The gnoll hits you from afar with a +0 spear.
The giant cockroach bites you.
The giant cockroach completely misses you.
The gnoll closely misses you.
You hit the giant cockroach but do no damage.
Your grab misses the giant cockroach.
The giant cockroach is almost dead.
The giant cockroach barely misses you.
The giant cockroach completely misses you.
The gnoll hits you from afar with a +0 spear!
* * * LOW HITPOINT WARNING * * *
The giant cockroach barely misses you. The giant cockroach bites you.
* * * LOW HITPOINT WARNING * * *
Unknown command.
Unknown command.
Unknown command.
Unknown command.
Okay, then.
Unknown command.
As you read the scroll labelled ICLOUCLIDGHO, it crumbles to dust.
It is a scroll of enchant weapon.
Your +0 rapier glows red for a moment.
The giant cockroach bites you.
* * * LOW HITPOINT WARNING * * *
The giant cockroach misses you. The gnoll barely misses you.
Okay, then.
Unknown command.
As you read the scroll labelled FABO UBBAOST, it crumbles to dust.
It is a scroll of identify.
g - 2 scrolls of torment The giant cockroach barely misses you.
The giant cockroach bites you.
You die...

....# # g.[. .#
#.[. ... #... ..#
#... ####..#
.$.##..###..gS.#
.......††B@##.###
.#####.##B#....
#.##.#..# ###
###.##.#..###.<.
#...##........#
###.####..#...##
#..)##.......## #.
###.......†....# ..
.......##...###..##
.#


You could see a gnoll, 2 giant cockroaches and a ball python.

Vanquished Creatures
  2 gnolls (D:2)
  An adder (D:2)
  A ball python (D:1)
  4 endoplasms
  4 giant cockroaches
  6 goblins
  A hobgoblin (D:1)
  A quokka (D:1)
  A bat (D:2)
  A kobold (D:1)
  3 rats (D:1)
25 creatures vanquished.

Vanquished Creatures (others)
  72 foxfires
72 creatures vanquished.

Grand Total: 97 creatures vanquished

Notes
Turn   | Place    | Note
-------+----------+-------------------------------------------
     0 | D:1      | Conn the Octopode Fire Elementalist began the quest for the
                  | Orb.
     0 | D:1      | Reached XP level 1. HP: 11/11 MP: 3/3
   331 | D:1      | Reached XP level 2. HP: 17/17 MP: 1/5
   974 | D:2      | Found a shimmering altar of Xom.
  1013 | D:2      | Reached XP level 3. HP: 21/21 MP: 4/6
  1082 | D:2      | Learned a level 2 spell: Scorch
  1086 | D:2      | Learned a level 3 spell: Inner Flame
  1119 | D:2      | HP: 1/21 [giant cockroach (2)]
  1120 | D:2      | Slain by a giant cockroach

Illustrated notes

Levels and vault maps discovered:
D:1:      lightli_arrival_windingriver, layout_basic, kennysheep_doodads,
          nicolae_twisty_statue_hallways
D:2:      minmay_roachtagon, layout_rooms, basic_altar

Skill      XL: |  1  2  3 |
---------------+----------+-----
Spellcasting   | 3 |  3.0
Dodging        | |  2.0
Stealth        | |  2.9
Conjurations   | |  1.6
Fire Magic     | |  3.5

Action                     || total
---------------------------++-------
  Melee: Unarmed           ||     7
         Constrict         ||     5
         Dagger            ||     4
         Tentacles         ||     4
         Rapier            ||     9
   Cast: Foxfire           ||    45
         Inner Flame       ||     1
         Scorch            ||     1
    Use: Scroll            ||     2
         Potion            ||     1
   Stab: Sleeping          ||     1
 Armour: Skin              ||     3
  Dodge: Dodged            ||    21

Table legend: (Time is in decaauts)
 A = Elapsed time spent in this place.
 B = Non-inter-level travel time spent in this place.
 C = Inter-level travel time spent in this place.
 D = Time resting spent in this place.
 E = Time spent auto-exploring this place.
 F = Levels seen in this place.
 G = Mean time per level.
                   A        B        C        D        E       F      G
               +--------+--------+--------+--------+--------+-----+--------+
         Total |   1120 |   1099 |     21 |      2 |    817 |   2 |  560.0 |
       Dungeon |   1120 |   1099 |     21 |      2 |    817 |   2 |  560.0 |
               +--------+--------+--------+--------+--------+-----+--------+

Top non-repeatable levels by time:
     D:1: 973 daAuts
     D:2: 147 daAuts
